 Dungeon Crawl Stone Soup version 0.27-a0-836-gfc908b8576 (webtiles) character file.

Game seed: 8257691588934025649

63 polve the Changer (level 4, -1/38 HPs)
             Began as a Naga Transmuter on Apr 1, 2021.
             Slain by a sky beast (5 damage)
             ... on level 2 of the Dungeon.
             The game lasted 00:02:20 (2591 turns).

polve the Changer (Naga Transmuter)                 Turns: 2591, Time: 00:02:21

Health: -1/38      AC:  2    Str: 12    XL:     4   Next: 9%
Magic:  7/7        EV:  9    Int: 15    God:
Gold:   70         SH:  0    Dex: 11    Spells: 1/7 levels left

rFire    . . .     SeeInvis +     - Unarmed
rCold    . . .     Faith    .   (no shield)
rNeg     . . .     Spirit   .   a - +0 robe
rPois    +         Reflect  .   (helmet currently unavailable)
rElec    .         Harm     .   (no cloak)
rCorr    .         Rampage  .   (no gloves)
Will     .....                  (no barding)
Stlth    +.........             (no amulet)
HPRegen  0.12/turn              (no ring)
MPRegen  0.10/turn              (no ring)

@: short of breath, appendages (expiring), very slow
A: horns 2, AC +1, large, see invisible, deformed body, poison resistance,
slowness 2, spit poison 1, naga tail 1
a: Spit Poison, End Transformation


You were on level 2 of the Dungeon.
You had temporarily grown beastly horns.
You visited 1 branch of the dungeon, and saw 2 of its levels.

You collected 70 gold pieces.

Inventory:

Armour
 a - a +0 robe (worn)
Scrolls
 b - a scroll of amnesia {unknown}
 c - a scroll of noise {unknown}
 g - 3 scrolls of identify {unknown}
 i - 2 scrolls of fear {unknown}
Potions
 d - a potion of curing {unknown}
 e - a potion of heal wounds {unknown}
 f - a potion of degeneration {unknown}
 h - 2 potions of attraction {unknown}


   Skills:
 - Level 1.0 Fighting
 - Level 1.5 Dodging
 - Level 3.0 Unarmed Combat
 - Level 2.0 Spellcasting
 + Level 4.2 Transmutations


You had one spell level left.
You knew the following spells:

 Your Spells              Type           Power      Damage    Failure   Level
a - Beastly Appendage     Tmut           28%        N/A       3%          1
b - Wereblood             Tmut           14%        N/A       6%          2
c - Spider Form           Tmut/Pois      3%         N/A       28%         3

Your spell library contained the following spells:

 Spells                   Type           Power      Damage    Failure   Level
 Animate Skeleton         Necr           2%         N/A       22%         1
 Apportation              Tloc           2%         N/A       22%         1
 Corona                   Hex            1%         N/A       22%         1
 Summon Small Mammal      Summ           4%         N/A       22%         1
 Ice Form                 Ice/Tmut       7%         N/A       67%         4
 Hydra Form               Tmut           7%         N/A       71%         5


Dungeon Overview and Level Annotations

Branches:
Dungeon (2/15)

Altars:


Innate Abilities, Weirdness & Mutations

You have temporarily grown beastly horns.
Your serpentine skin is tough. (AC +1)
You have supernaturally acute eyesight. (SInv)
Armour fits poorly on your strangely shaped body.
Your system is resistant to poisons. (rPois)
You cover ground very slowly.
You can spit poison.
You have a snake-like lower body.


Message History

Confirm with . or Enter, or press ? or * to list all spells.
You grow a pair of large bovine horns.
The endoplasm freezes you.
You are frozen.
Press: ? - help, Shift-Dir - straight line, f - sky beast
Aim: a sky beast (slightly transparent)
The splash of poison hits the endoplasm.
The endoplasm is poisoned.
The endoplasm is lightly wounded.
The endoplasm hits you.
You hit the endoplasm but do no damage.
The endoplasm is lightly wounded.
The endoplasm freezes you.
You are frozen.
You hit the endoplasm but do no damage.
The endoplasm is lightly wounded.
The endoplasm hits you but does no damage.
You hit the endoplasm but do no damage.
The endoplasm is lightly wounded.
You have got your breath back.
The endoplasm freezes you.
You are frozen.
You hit the endoplasm but do no damage.
The endoplasm is lightly wounded.
The endoplasm hits you.
You hit the endoplasm. You headbutt the endoplasm.
You kill the endoplasm!
Your transformation is almost over.
Press: ? - help, Shift-Dir - straight line, f/p - sky beast
Aim: a sky beast (slightly transparent)
The splash of poison hits the sky beast but does no damage.
You barely miss the sky beast. The sky beast hits you.
The sky beast shocks you.
* * * LOW HITPOINT WARNING * * *
You barely miss the sky beast. You headbutt the sky beast.
The sky beast is moderately wounded.
The sky beast hits you.
* * * LOW HITPOINT WARNING * * *
The sky beast shocks you.
You die...

#.......##.^......# #..
#...........>..#### ###.>
#........#.##..###.......
#.......... #............
#........####.####.......
#....†......>.# #####..
#.......#####.# #..
#.....#######.# #..
#.##...Y@.....# #
#..######### .....#
#.#...# # ###.# ..# ###


You could see a sky beast (invisible).

Vanquished Creatures
  An adder (D:2)
  A worm (D:2)
  2 dart slugs
  5 endoplasms
  4 giant cockroaches
  3 goblins
  6 hobgoblins
  7 kobolds
  A quokka (D:1)
  3 ball pythons
  4 frilled lizards
  8 rats
45 creatures vanquished.

Notes
Turn   | Place    | Note
-------+----------+-------------------------------------------
     0 | D:1      | polve the Naga Transmuter began the quest for the Orb.
     0 | D:1      | Reached XP level 1. HP: 18/18 MP: 3/3
   332 | D:1      | Reached XP level 2. HP: 24/25 MP: 5/5
   468 | D:1      | Reached skill level 3 in Transmutations
  1286 | D:1      | Reached XP level 3. HP: 31/31 MP: 6/6
  2278 | D:2      | Reached skill level 4 in Transmutations
  2426 | D:2      | Learned a level 2 spell: Wereblood
  2430 | D:2      | Learned a level 3 spell: Spider Form
  2437 | D:2      | Reached XP level 4. HP: 32/38 MP: 7/7
  2572 | D:2      | Noticed a sky beast
  2591 | D:2      | Slain by a sky beast

Illustrated notes

Levels and vault maps discovered:
D:1:      lemuel_arrival_muddy, layout_basic, serial_rivers,
          chequers_serial_rivers_micro_e, chequers_serial_rivers_micro_c,
          chequers_serial_rivers_large_b, chequers_serial_rivers_marsh,
          chequers_serial_rivers_room_b, minmay_octomino_e4
D:2:      layout_loops_cross, kennysheep_small_spiral

Skill      XL: |  1  2  3 |
---------------+----------+-----
Transmutations | 3 4 |  4.2
Fighting       | |  1.0
Dodging        | |  1.5
Unarmed Combat | |  3.0
Spellcasting   | |  2.0

Action                   |  1- 3 |  4- 6 || total
-------------------------+-------+-------++-------
Melee: Unarmed           |   103 |    15 ||   118
       Headbutt          |     7 |     3 ||    10
       Punch             |     1 |       ||     1
 Cast: Beastly Appendage |    14 |     2 ||    16
 Abil: Spit Poison       |    23 |     3 ||    26
Armor: Robe              |    22 |     3 ||    25
Dodge: Dodged            |    37 |     4 ||    41

Table legend: (Time is in decaauts)
 A = Elapsed time spent in this place.
 B = Non-inter-level travel time spent in this place.
 C = Inter-level travel time spent in this place.
 D = Time resting spent in this place.
 E = Time spent auto-exploring this place.
 F = Levels seen in this place.
 G = Mean time per level.
                   A        B        C        D        E       F      G
               +--------+--------+--------+--------+--------+-----+--------+
         Total |   3034 |   3016 |     18 |      0 |   2655 |   2 | 1517.0 |
       Dungeon |   3034 |   3016 |     18 |      0 |   2655 |   2 | 1517.0 |
               +--------+--------+--------+--------+--------+-----+--------+

Top non-repeatable levels by time:
     D:1: 2215 daAuts
     D:2: 818 daAuts
